 Dungeon Sprint DCSS version 0.31-a0-182-gc5ef74bbde (webtiles) character file.

Game seed: 1601835917526007761

54 rocky1 the Geomancer (level 7, -5/46 HPs)
             Began as a Demonspawn Earth Elementalist on June 22, 2023.
             Was a Follower of Vehumet.
             Shot with a sling bullet by Joseph (11 damage)
             ... in the Dungeon (Sprint VI: "Thunderdome").
             The game lasted 00:07:11 (451 turns).

rocky1 the Geomancer (Demonspawn Earth Elementalist) Turns: 451, Time: 00:07:12

Health: -5/46      AC:  2    Str:  9    XL:     7   Next: 43%
Magic:  7/18       EV: 12    Int: 24    God:    Vehumet [*.....]
Gold:   55         SH:  0    Dex: 13    Spells: 14/22 levels left

rFire   . . .        (no weapon)
rCold   . . .        (no shield)
rNeg    . . .        a - +0 robe
rPois   +            (no helmet)
rElec   .            (no cloak)
rCorr   .            (no gloves)
SInv    .            (no boots)
Will    .....        m - amulet of Jusaybb {RegenMP rPois}
Stlth   ++           (no ring)
HPRegen 0.27/turn    (no ring)
MPRegen 0.72/turn

%: no teleportation, wizardry (x1)
@: no status effects
A: hooves 2, magic regeneration, big brain 3
a: Renounce Religion


You were in the Dungeon.
You worshipped Vehumet.
Vehumet was aware of your devotion.
You visited 1 branch You collected 280 gold pieces.
You spent 225 gold pieces at shops.

Inventory:

Armour
 a - a +0 robe (worn)
 l - a +1 leather armour of cold resistance
Jewellery
 m - the amulet of Jusaybb (around neck) {RegenMP rPois}
   (You bought it in a shop in the Dungeon)

   [amulet of magic regeneration]

   It increases your rate of magic regeneration.
   rPois:     It protects you from poison.
 n - the amulet of Avuitsal {rC+ rN+ Will+ Regen+ Int+4}
   (You bought it in a shop in the Dungeon)

   [amulet of regeneration]

   Int:       It affects your intelligence (+4).
   rC:        It protects you from cold.
   rN:        It protects you from negative energy.
   Regen:     It increases your rate of health regeneration.
   Will:      It increases your willpower.
Wands
 i - a wand of quicksilver (5)
 j - a wand of iceblast (3)
Scrolls
 g - 4 scrolls of blinking
 k - 3 scrolls of fog
Potions
 b - 3 potions of magic
 c - a potion of curing
 d - 4 potions of heal wounds
 e - 4 potions of haste
 f - a potion of berserk rage
 h - a potion of resistance


   Skills:
 - Level 1.7 Dodging
 - Level 1.7 Stealth
 + Level 8.1 Spellcasting
 + Level 4.9 Conjurations
 + Level 4.6 Transmutations
 + Level 4.4 Fire Magic
 + Level 10.3 Earth Magic


You had 14 spell levels left.
You knew the following spells:

 Your Spells              Type           Power      Damage    Failure   Level
a - Sandblast             Erth           100%       2d20      1%          1
b - Stone Arrow           Conj/Erth      92%        3d12      1%          3
c - Petrify               Tmut/Erth      45%        N/A       1%          4

Your spell library contained the following spells:

 Spells                   Type           Power      Damage    Failure   Level
 Magic Dart               Conj           100%       1d8       1%          1
 Passwall                 Tmut/Erth      37%        N/A       1%          2


Dungeon Overview and Level Annotations

Branches:
Dungeon (1/1)

Altars:
Cheibriados
Dithmenos
Fedhas
Gozag
Kikubaaqudgha
Makhleb
Okawaru
Qazlal
Ru
Sif Muna
Trog
Uskayaw
Vehumet
Wu Jian
Xom
Yredelemnul
Lugonu

Shops:
D *[??*?*:[((!!!!

Annotations:
D Joseph


Innate Abilities, Weirdness & Mutations

You have hoof-like feet.
You regenerate magic rapidly.
You have an absolutely massive brain. (Int +6, Wiz)


Message History

Vehumet accepts your kill.
Your Spellcasting skill increases to level 8!
Your Fire Magic skill increases to level 4!
Unknown command.
What are your orders? t - Shout!
Orders for allies: a - Attack new target. r - Retreat! s - Stop attacking. g - Guard the area. f - Follow me.
Anything else - Cancel.
Okay, then.
You see here an adder skeleton.
Joseph, a Mercenary comes into view.
He is wielding a +0 quarterstaff.
Joseph shouts!
Joseph unwields a +0 quarterstaff.
Joseph wields a +0 sling.
Joseph shoots a sling bullet.
The sling bullet hits you!
Aiming: Stone Arrow (safe; 1% risk of failure)
Press: ? - help, Q - select action, (/) - cycle Shift-Dir - straight line, f - Joseph
Aim: Joseph, wielding a +0 sling and wearing a +0 leather armour (translocational energy, 76% to hit)
The stone arrow hits Joseph!!
Joseph is moderately wounded.
Aiming: Stone Arrow (safe; 1% risk of failure)
Press: ? - help, Q - select action, (/) - cycle Shift-Dir - straight line, f/p - Joseph
Aim: Joseph, wielding a +0 sling and wearing a +0 leather armour (translocational energy, moderately wounded, 76% to hit)
The stone arrow hits Joseph!!
Joseph is heavily wounded.
Aiming: Stone Arrow (safe; 1% risk of failure)
Press: ? - help, Q - select action, (/) - cycle Shift-Dir - straight line, f/p - Joseph
Aim: Joseph, wielding a +0 sling and wearing a +0 leather armour (heavily wounded, 76% to hit)
The stone arrow hits Joseph!!
Joseph is almost dead.
Joseph shoots a sling bullet.
The sling bullet hits you!!
Ouch! That really hurt!
* * * LOW HITPOINT WARNING * * *
Aiming: Stone Arrow (safe; 1% risk of failure)
Press: ? - help, Q - select action, (/) - cycle Shift-Dir - straight line, f/p - Joseph
Aim: Joseph, wielding a +0 sling and wearing a +0 leather armour (almost dead, 76% to hit)
The stone arrow misses Joseph.
Joseph shoots a sling bullet.
The sling bullet hits you!
You die...

#.....# ##.....## ##∩.....∩##
#∩.......∩# #_......._#
#_......._# #_......._#
###.........###
#§@.@........⌠#
######.8........÷8.######
##..__......###.÷....___∩##
###∩........8.# #.8........∩#
##.............###............
#⌠..........###...###.........
#⌠......[...# #.<.# #.........
#⌠..........###[..###.........
##.............###............


You could see Joseph.

Vanquished Creatures
  Sigmund (D)
  A shadow (D)
  A yak (D)
  A wyvern (D)
  A killer bee (D)
  Jessica (D)
  2 adders (D)
  An ufetubus (D)
  A dart slug (D)
  An orc (D)
  A bat (D)
  An endoplasm (D)
  A goblin (D)
  A rat (D)
15 creatures vanquished.

Notes
Turn   | Place    | Note
-------+----------+-------------------------------------------
     0 | D        | rocky1 the Demonspawn Earth Elementalist began the quest
                  | for the Orb.
     0 | D        | Reached XP level 1. HP: 13/13 MP: 3/3
     3 | D        | Found a corrupted altar of Lugonu.
     4 | D        | Found a burning altar of Makhleb.
     4 | D        | Found a hide-covered altar of Uskayaw.
     5 | D        | Found a shimmering altar of Xom.
     5 | D        | Found a bloodstained altar of Trog.
     5 | D        | Round 1.
     6 | D        | Found Zestrepp's Do-It-Yourself Clinic.
     6 | D        | Found a sacrificial altar of Ru.
     6 | D        | Found a radiant altar of Vehumet.
     6 | D        | Found Xokkizugui's Distillery.
     7 | D        | Found Kastin's Bottled Wisdom.
     7 | D        | Found Heluler's Distillery.
    11 | D        | Found an ornate altar of the Wu Jian Council.
    12 | D        | Found a shimmering blue altar of Sif Muna.
    23 | D        | Found Xeodgh's Staff Store.
    24 | D        | Noticed Sigmund
    25 | D        | Found a shadowy altar of Dithmenos.
    25 | D        | Found a stormy altar of Qazlal.
    25 | D        | Found an iron altar of Okawaru.
    25 | D        | Found Vufanobb's Magic Scroll Shop.
    27 | D        | Killed Sigmund
    28 | D        | Reached skill level 8 in Earth Magic
    28 | D        | Gained mutation: You have large cloven feet. [demonic
                  | ancestry]
    28 | D        | Reached XP level 2. HP: 19/19 MP: 3/9
    28 | D        | Gained mutation: You have hoof-like feet. [demonic
                  | ancestry]
    28 | D        | Reached XP level 3. HP: 24/24 MP: 3/10
    28 | D        | Gained mutation: You have an unusually large brain. (Int
                  | +2) [demonic ancestry]
    28 | D        | Reached XP level 4. HP: 30/30 MP: 3/12
    28 | D        | Gained mutation: You have an extremely huge brain. (Int +4)
                  | [demonic ancestry]
    28 | D        | Reached XP level 5. HP: 35/35 MP: 3/13
    29 | D        | Found Letat's Must-Have Magic.
    29 | D        | Found Usenla Enir's Magic Scroll Shop.
    32 | D        | Found a blossoming altar of Fedhas.
    33 | D        | Found a snail-covered altar of Cheibriados.
    36 | D        | Found Vastrah's Jewellery.
    36 | D        | Found Foefuymu's Advanced Armour.
    43 | D        | Found Mikeippi's Identification Station.
    43 | D        | Found an ancient bone altar of Kikubaaqudgha.
    44 | D        | Bought a fine copper amulet for 45 gold pieces
    44 | D        | Identified the amulet "Purchum" {Reflect Int+2 SH+5} (You
                  | bought it in a shop in the Dungeon)
    44 | D        | Bought a crude bone amulet for 45 gold pieces
    44 | D        | Identified the amulet of Jupnuece {+Blink Regen+ Dex-2
                  | Slay+5 SInv} (You bought it in a shop in the Dungeon)
    44 | D        | Bought a brightly glowing silver amulet for 45 gold pieces
    44 | D        | Identified the amulet of Avuitsal {rC+ rN+ Will+ Regen+
                  | Int+4} (You bought it in a shop in the Dungeon)
    44 | D        | Bought a twitching jade amulet for 45 gold pieces
    44 | D        | Identified the amulet of Duiblefo {+Blink Regen+} (You
                  | bought it in a shop in the Dungeon)
    53 | D        | Found a basalt altar of Yredelemnul.
    55 | D        | Found an opulent altar of Gozag.
    58 | D        | Found Toipn's Premium Goods.
    59 | D        | Found Akhlec's Weapon Rack.
    60 | D        | Found Koinoesm's Miscellaneous Merchandise.
    60 | D        | Found Mosmuise's Basic Armour.
   102 | D        | Arena points: 12 (+12) [x2]
   162 | D        | Learned a level 3 spell: Stone Arrow
   167 | D        | Learned a level 4 spell: Petrify
   180 | D        | Round 2.
   209 | D        | Noticed Jessica
   216 | D        | Killed Jessica
   217 | D        | Reached skill level 9 in Earth Magic
   300 | D        | Reached skill level 1 in Transmutations
   325 | D        | Arena points: 54 (+42) [x3]
   334 | D        | Became a worshipper of Vehumet
   358 | D        | Bought a crude ivory amulet for 45 gold pieces
   358 | D        | Identified the amulet of Jusaybb {RegenMP rPois} (You
                  | bought it in a shop in the Dungeon)
   365 | D        | Round 3.
   387 | D        | Noticed a wyvern
   391 | D        | Reached skill level 1 in Conjurations
   391 | D        | Reached skill level 1 in Fire Magic
   391 | D        | Gained mutation: You have an absolutely massive brain. (Int
                  | +6, Wiz) [demonic ancestry]
   391 | D        | Reached XP level 6. HP: 38/41 MP: 13/15
   394 | D        | Killed a wyvern
   406 | D        | Noticed a yak
   411 | D        | Killed a yak
   411 | D        | Reached * piety under Vehumet
   411 | D        | Offered knowledge of Magic Dart by Vehumet.
   412 | D        | Reached skill level 10 in Earth Magic
   412 | D        | Gained mutation: You regenerate magic rapidly. [demonic
                  | ancestry]
   412 | D        | Reached XP level 7. HP: 31/46 MP: 6/18
   435 | D        | Noticed a shadow
   440 | D        | Killed a shadow
   446 | D        | Noticed Joseph
   451 | D        | Shot with a sling bullet by Joseph

Illustrated notes

Levels and vault maps discovered:
D:        arena_sprint

Skill      XL: |  1  2  3  4  5  6  7 |
---------------+----------------------+-----
Spellcasting   | 6 7 8 |  8.1
Earth Magic    | 8 9 10 | 10.3
Transmutations | 1 4 |  4.6
Conjurations   | 1 4 |  4.9
Fire Magic     | 1 3 4 |  4.4
Dodging        | |  1.7
Stealth        | |  1.7

Action                     |  1- 3 |  4- 6 |  7- 9 || total
---------------------------+-------+-------+-------++-------
   Cast: Sandblast         |       |    17 |       ||    17
         Stone Arrow       |       |     6 |     7 ||    13
  Evoke: Wand              |     2 |       |       ||     2
  Dodge: Dodged            |       |     5 |       ||     5

Table legend: (Time is in decaauts)
 A = Elapsed time spent in this place.
 B = Non-inter-level travel time spent in this place.
 C = Inter-level travel time spent in this place.
 D = Time resting spent in this place.
 E = Time spent auto-exploring this place.
 F = Levels seen in this place.
 G = Mean time per level.
                   A        B        C        D        E       F      G
               +--------+--------+--------+--------+--------+-----+--------+
         Total |    459 |    453 |      6 |     35 |      0 |   1 |  459.0 |
       Dungeon |    459 |    453 |      6 |     35 |      0 |   1 |  459.0 |
               +--------+--------+--------+--------+--------+-----+--------+

Top non-repeatable levels by time:
       D: 459 daAuts
